 Dungeon Crawl Stone Soup version 0.27-a0-1084-g78b3836a5f (webtiles) character file.

Game seed: 10484757337705870566

131 HendSelp the Slasher (level 4, -1/37 HPs)
             Began as a Minotaur Gladiator on Apr 26, 2021.
             Succumbed to an adder's poison
             ... on level 3 of the Dungeon.
             The game lasted 00:02:11 (3055 turns).

HendSelp the Slasher (Minotaur Gladiator)           Turns: 3055, Time: 00:02:11

Health: -1/37      AC:  4    Str: 20    XL:     4   Next: 91%
Magic:  3/3        EV: 12    Int:  5    God:
Gold:   153        SH:  0    Dex: 11    Spells: 3/3 levels left

rFire    . . .     SeeInvis .   a - +0 long sword
rCold    . . .     Faith    .   (no shield)
rNeg     . . .     Spirit   .   b - +0 leather armour
rPois    .         Reflect  .   c - +1 hat
rElec    .         Harm     .   (no cloak)
rCorr    .         Rampage  .   (no gloves)
Will     .....                  (no boots)
Stlth    +.........             (no amulet)
HPRegen  0.12/turn              (no ring)
MPRegen  0.08/turn              (no ring)

@: mighty, lethally poisoned (-1 -> -11)
A: horns 2, retaliatory headbutt
a: no special abilities


You were on level 3 of the Dungeon.
You visited 1 branch of the dungeon, and saw 4 of its levels.

You collected 153 gold pieces.

Inventory:

Hand Weapons
 a - a +0 long sword (weapon)
Missiles
 d - 3 throwing nets (quivered)
Armour
 b - a +0 leather armour (worn)
 c - a +1 hat (worn)
 g - a +0 plate armour
Scrolls
 e - 3 scrolls of teleportation
 f - 2 scrolls of magic mapping
Potions
 j - a potion of degeneration {unknown}


   Skills:
 - Level 2.4 Fighting
 + Level 6.8 Long Blades
 - Level 2.0 Throwing
 - Level 3.2 Dodging


You had 3 spell levels left.
You didn't know any spells.
Your spell library was empty.

Dungeon Overview and Level Annotations

Branches:
Dungeon (4/15)
 Temple: D:4-7

Altars:

Shops:
D:1 ?


Innate Abilities, Weirdness & Mutations

You have a pair of horns on your head.
You reflexively headbutt those who attack you in melee.


Message History

You feel very sick. The adder bites you but does no damage.
Unknown command.
You miss the adder. Your headbutt misses the adder.
You feel very sick. The adder bites you.
Unknown command.
You closely miss the adder.
You feel very sick. The adder closely misses you.
You riposte.
You hit the adder.
The adder is lightly wounded.
The adder bites you.
Unknown command.
You are too injured to fight recklessly!
You miss the adder.
The adder is lightly wounded.
You feel sick. The adder bites you but does no damage.
Unknown command.
You miss the adder. Your headbutt misses the adder.
The adder is lightly wounded.
You feel sick. The adder bites you.
* * * LOW HITPOINT WARNING * * *
You are more poisoned.
The adder poisons you! The adder bites you.
* * * LOW HITPOINT WARNING * * *
You hit the adder.
The adder is moderately wounded.
* * * LOW HITPOINT WARNING * * *
You feel sick. The adder bites you.
* * * LOW HITPOINT WARNING * * *
You are more poisoned.
The adder poisons you!
You miss the adder. Your headbutt misses the adder.
The adder is moderately wounded.
* * * LOW HITPOINT WARNING * * *
You feel sick. The adder bites you but does no damage.
Unknown command.
It was a potion of might.
You feel very mighty all of a sudden.
You die...

######## #.....)#
#.####@# ##.####S#
####....##.##############
#.....................(.#
#.##..#.##.####...#####.#
#.##.......# #.#....##.#
#.##.##.#### #...##.##.#
#.##.##.# ######.##.##.#
#.......# #.....รท).....#


You could see an adder.

Vanquished Creatures
  A howler monkey (D:2)
  3 adders
  A dart slug (D:1)
  A bat (D:1)
  13 endoplasms
  2 giant cockroaches (D:2)
  5 hobgoblins
  6 jackals
  4 kobolds
  3 quokkas (D:1)
  2 ball pythons
  5 frilled lizards
  12 goblins
  3 rats (D:2)
61 creatures vanquished.

Notes
Turn   | Place    | Note
-------+----------+-------------------------------------------
     0 | D:1      | HendSelp the Minotaur Gladiator began the quest for the
                  | Orb.
     0 | D:1      | Reached XP level 1. HP: 18/18 MP: 0/0
   136 | D:1      | Reached skill level 4 in Long Blades
   244 | D:1      | Reached XP level 2. HP: 19/25 MP: 1/1
   662 | D:1      | Reached skill level 5 in Long Blades
   745 | D:1      | Reached XP level 3. HP: 30/30 MP: 2/2
   826 | D:1      | Found Kuxtir's Magic Scroll Boutique.
  1775 | D:2      | Reached XP level 4. HP: 37/37 MP: 3/3
  1822 | D:2      | Reached skill level 6 in Long Blades
  2006 | D:2      | Noticed a water moccasin
  2006 | D:2      | Noticed an orc warrior
  2189 | D:2      | Found a faded altar of an unknown god.
  3035 | D:4      | Noticed a phantom
  3055 | D:3      | Succumbed to an adder's poison

Illustrated notes

Levels and vault maps discovered:
D:1:      erik_arrival_cave_to_civilisation [erik_arrival_cave_to_hall],
          layout_basic, serial_shops, shop
D:2:      layout_loops_ring, chequers_ecumenical_altar_twisty,
          minmay_misc_feat_tower, lightli_corner_chamber
D:3:      kennysheep_big_flooded_room, layout_loops_cross
D:4:      layout_loops_cross, minitemple, minmay_temple_entry_tees,
          minmay_fractal_squares_5

Skill      XL: |  1  2  3  4 |
---------------+-------------+-----
Long Blades    | 4 5 6 |  6.8
Fighting       | |  2.4
Throwing       | |  2.0
Dodging        | |  3.2

Action                   |  1- 3 |  4- 6 || total
-------------------------+-------+-------++-------
Melee: Long sword        |    74 |    38 ||   112
       Headbutt          |    13 |     4 ||    17
  Use: Scroll            |     2 |     2 ||     4
       Potion            |       |     1 ||     1
 Stab: Sleeping          |     3 |       ||     3
Armor: Leather armour    |    17 |    14 ||    31
Dodge: Dodged            |    35 |    21 ||    56
       Rpst.: Long sword |     9 |     8 ||    17

Table legend: (Time is in decaauts)
 A = Elapsed time spent in this place.
 B = Non-inter-level travel time spent in this place.
 C = Inter-level travel time spent in this place.
 D = Time resting spent in this place.
 E = Time spent auto-exploring this place.
 F = Levels seen in this place.
 G = Mean time per level.
                   A        B        C        D        E       F      G
               +--------+--------+--------+--------+--------+-----+--------+
         Total |   3069 |   2953 |    116 |      0 |   2612 |   4 |  767.2 |
       Dungeon |   3069 |   2953 |    116 |      0 |   2612 |   4 |  767.2 |
               +--------+--------+--------+--------+--------+-----+--------+

Top non-repeatable levels by time:
     D:1: 1387 daAuts
     D:2: 1249 daAuts
     D:3: 416 daAuts
     D:4: 16 daAuts
